[Event "Titled Tuesday Blitz August 1 Late 2023"]
[White "Toropov, Pavel"]
[Black "Mekhitarian, Krikor Sevag"]
[WhiteFideId "24129178"]
[BlackFideId "2107660"]
[WhiteElo "2540"]
[BlackElo "2763"]
[Result "1/2-1/2"]
[Round "4"]
[TimeControl "180+1"]
[Date "2023.08.01"]
[WhiteClock "0:00:09"]
[BlackClock "0:00:02"]
[Board "38"]

1. e4 e6 2. d4 d5 3. exd5 exd5 4. Bd3 Bd6 5. Ne2 Nf6 6. Bf4 O-O 7. O-O Re8 8. Bxd6 Qxd6 9. Nd2 Bg4 10. h3 Bh5 11. Re1 Nbd7 12. c3 Re7 13. Nf1 Rae8 14. Qd2 Bxe2 15. Rxe2 Rxe2 16. Bxe2 Ne4 17. Qc2 c5 18. Rd1 c4 19. Re1 Ndf6 20. Qc1 g6 21. Bf3 Re6 22. Nd2 Ng5 23. Rxe6 Qxe6 24. Qd1 b5 25. Kf1 a5 26. Qe2 Qd6 27. Qe5 Qxe5 28. dxe5 Nxf3 29. Nxf3 Nd7 30. Ke2 Nc5 31. Nd4 b4 32. cxb4 axb4 33. Nc6 Nd3 34. b3 Nc1+ 35. Kd2 Nxa2 36. Kc2 Kf8 37. Kb2 cxb3 38. Kxb3 Nc1+ 39. Kc2 Ne2 40. Nxb4 Nf4 41. g3 Nxh3 42. f4 Nf2 43. Nxd5 Ne4 44. g4 Nf2 45. Nf6 Nh3 46. Nd5 Nf2 47. Nf6 Nh3 48. Nd5 h6 49. Kd2 Nf2 50. Nf6 Kg7 51. Ke3 Nd1+ 52. Kf3 Nb2 53. Ne4 Nc4 54. Kg3 Ne3 55. Kf3 Nd5 56. Nd6 Ne7 57. Ne4 Nc6 58. Nd6 g5 59. Ke4 gxf4 60. Nf5+ Kg6 61. Kxf4 Nd8 62. Nh4+ Kg7 63. Nf5+ Kh7 64. Kg3 Ne6 65. Kf3 Ng5+ 66. Kf4 Ne6+ 67. Ke4 Kg6 68. Kf3 Kg5 69. Kg3 Nc5 70. Nd6 Kg6 71. Kf4 Nd3+ 72. Ke4 Nf2+ 73. Kf3 Nd3 74. Ke4 Nc5+ 75. Kf4 Ne6+ 76. Kg3 Nf8 77. Kf4 Nd7 78. Nf5 Nc5 79. Ne7+ Kg7 80. Nf5+ Kh7 81. Nd6 Kg6 82. Nf5 Ne6+ 83. Kf3 Kg5 84. Nd6 Nd8 85. Kg3 Kg6 86. Ne4 Nc6 87. Kf4 Nb4 88. Nd6 Nd3+ 89. Ke4 1/2-1/2


[Site "https://www.chess.com"]

[Event "Titled Tuesday Blitz August 1 Late 2023"]
[White "Poltorak, Sebastian"]
[Black "Weetik, Vjacheslav"]
[WhiteFideId "1199498"]
[BlackFideId "4153472"]
[WhiteElo "2538"]
[BlackElo "2756"]
[Result "0-1"]
[Round "4"]
[TimeControl "180+1"]
[Date "2023.08.01"]
[WhiteClock "0:00:05"]
[BlackClock "0:00:08"]
[Board "39"]

1. d4 Nf6 2. c4 g6 3. f3 Bg7 4. e4 d6 5. Ne2 O-O 6. Be3 e5 7. d5 c6 8. Nbc3 cxd5 9. cxd5 a6 10. Qd2 Nbd7 11. Nc1 Nh5 12. Nd3 f5 13. Be2 Ndf6 14. O-O-O Bd7 15. Kb1 Rc8 16. Bg5 Qb6 17. Rc1 Nf4 18. Nxf4 exf4 19. Bxf4 fxe4 20. fxe4 Rxc3 21. Qxc3 Nxd5 22. Qd2 Nxf4 23. Bc4+ Kh8 24. Rc2 Ba4 25. Rcc1 Bc6 26. Rhe1 Be5 27. Ka1 Nh5 28. g3 Nf6 29. Bd3 Qd4 30. Rcd1 Rc8 31. Qe2 Ba4 32. Rc1 Rxc1+ 33. Rxc1 Bc6 34. Bb1 Kg7 35. Rd1 Qb4 36. Re1 a5 37. a3 Qxa3+ 38. Ba2 Qb4 39. Kb1 a4 40. Qd3 Qxb2# 0-1


[Site "https://www.chess.com"]

[Event "Titled Tuesday Blitz August 1 Late 2023"]
[White "Janaszak, Dawid"]
[Black "Matinian, Nikita"]
[WhiteFideId "1119206"]
[BlackFideId "24129100"]
[WhiteElo "2535"]
[BlackElo "2729"]
[Result "0-1"]
[Round "4"]
[TimeControl "180+1"]
[Date "2023.08.01"]
[WhiteClock "0:00:06"]
[BlackClock "0:00:34"]
[Board "40"]

1. e4 c5 2. Nc3 Nc6 3. Bb5 Nd4 4. Nf3 a6 5. Bd3 e6 6. O-O Nc6 7. Be2 b5 8. d4 cxd4 9. Nxd4 Bb7 10. Re1 Rc8 11. Bf3 Nxd4 12. Qxd4 Nf6 13. e5 Bc5 14. Qf4 Bxf3 15. Qxf3 Ng8 16. Qg3 Kf8 17. Ne4 Be7 18. c3 h5 19. Bf4 Nh6 20. Rad1 Nf5 21. Qd3 g5 22. Bc1 Rc7 23. Ng3 Nxg3 24. Qxg3 Rg8 25. Kh1 Qa8 26. f3 g4 27. Rf1 Rg6 28. Qf4 Rc4 29. Qe3 h4 30. Rxd7 h3 31. Rf2 hxg2+ 32. Rxg2 gxf3 33. Rf2 Re4 34. Qd2 Re2 35. Qd4 Re1+ 0-1


[Site "https://www.chess.com"]

[Event "Titled Tuesday Blitz August 1 Late 2023"]
[White "Yanchenko, Roman"]
[Black "Berezin, Viktor"]
[WhiteFideId "4137329"]
[BlackFideId "14107872"]
[WhiteElo "2729"]
[BlackElo "2526"]
[Result "0-1"]
[Round "4"]
[TimeControl "180+1"]
[Date "2023.08.01"]
[WhiteClock "0:00:19"]
[BlackClock "0:01:24"]
[Board "41"]

1. d4 Nf6 2. Nf3 g6 3. c4 Bg7 4. Nc3 O-O 5. Bf4 d6 6. e3 b6 7. Be2 Bb7 8. O-O Nbd7 9. h3 Ne4 10. Nxe4 Bxe4 11. Bg3 Bb7 12. Qc2 e6 13. Rfd1 Qe7 14. Rac1 f5 15. b4 a5 16. a3 axb4 17. axb4 Be4 18. Qb3 g5 19. c5 f4 20. exf4 gxf4 21. Bh4 Bf6 22. Bxf6 Nxf6 23. cxb6 cxb6 24. Ng5 Bd5 25. Bc4 h6 26. Bxd5 Nxd5 27. Re1 Qxg5 28. Rxe6 f3 29. Rg6+ Qxg6 30. Qxd5+ Kh8 31. g4 Rac8 32. Re1 Rce8 33. Ra1 Re7 34. Kh2 Qf6 0-1


[Site "https://www.chess.com"]

[Event "Titled Tuesday Blitz August 1 Late 2023"]
[White "Alex_Sahakyan2006"]
[Black "Tikhonov, Viacheslav"]
[BlackFideId "44196407"]
[WhiteElo "2724"]
[BlackElo "2523"]
[Result "1-0"]
[Round "4"]
[TimeControl "180+1"]
[Date "2023.08.01"]
[WhiteClock "0:00:12"]
[BlackClock "0:00:11"]
[Board "42"]

1. b3 e5 2. Bb2 Nc6 3. e3 d5 4. Bb5 Ne7 5. Bxe5 a6 6. Bxc6+ Nxc6 7. Bb2 Qg5 8. Nf3 Qxg2 9. Rg1 Qh3 10. Nc3 Be6 11. Qe2 O-O-O 12. O-O-O f6 13. Rg3 Qh5 14. Nd4 Qf7 15. Nxc6 bxc6 16. Qxa6+ Kd7 17. Rdg1 g5 18. Na4 Bd6 19. Rf3 Ra8 20. Qd3 Qh5 21. Rxf6 Qxh2 22. Re1 Rhf8 23. e4 Rxf6 24. Bxf6 Rf8 25. e5 Ba3+ 26. Kb1 Qxf2 27. Rh1 Rf7 28. b4 Bxb4 29. Rxh7 g4 30. Rh8 Rf8 31. Qh7+ Kc8 32. Rxf8+ Bxf8 33. Qh8 Qf1+ 34. Kb2 Qb5+ 35. Ka1 Qf1+ 36. Kb2 Qb5+ 37. Kc3 Qxa4 38. Qxf8+ Kb7 39. Qb4+ Qxb4+ 40. Kxb4 g3 41. Bh4 g2 42. Bf2 Bf5 43. d3 Bg4 44. Kc5 Be6 45. a4 Bd7 46. a5 Be8 47. e6 Ka6 48. Kb4 Kb7 49. Bg1 Ka6 50. Bh2 Kb7 51. Kc5 Ka6 52. Kd4 Kxa5 53. Bxc7+ Kb5 54. Bh2 Kb6 55. Ke5 Kc5 56. c3 Kb6 57. Kd6 Bg6 58. e7 c5 59. Kd7 Kb5 60. e8=Q Bxe8+ 61. Kxe8 Ka4 62. Kd7 Kb3 63. d4 cxd4 64. cxd4 Kc4 65. Bg1 Kd3 66. Kd6 Ke4 67. Kc5 Kf3 68. Kxd5 Ke2 69. Ke5 Kf1 70. Bh2 Kf2 71. d5 Kf3 72. d6 g1=Q 73. Bxg1 Kg2 74. Bc5 Kf3 75. d7 Ke2 76. d8=Q Kf3 77. Qd3+ Kg2 78. Kf4 Kh2 79. Qg3+ Kh1 80. Qg1# 1-0


[Site "https://www.chess.com"]

[Event "Titled Tuesday Blitz August 1 Late 2023"]
[White "Krishna C R G"]
[Black "ATM622"]
[WhiteFideId "5018625"]
[WhiteElo "2711"]
[BlackElo "2520"]
[Result "1-0"]
[Round "4"]
[TimeControl "180+1"]
[Date "2023.08.01"]
[WhiteClock "0:01:04"]
[BlackClock "0:01:09"]
[Board "43"]

1. d4 Nf6 2. Nf3 e6 3. e3 d5 4. Bd3 c5 5. O-O c4 6. Be2 Nc6 7. b3 cxb3 8. axb3 Be7 9. c4 O-O 10. Nc3 b6 11. Ba3 Bxa3 12. Rxa3 Bb7 13. Qa1 a5 14. Qb2 Qe7 15. Na4 Qb4 16. c5 Nd7 17. Ne1 Ba6 18. Bxa6 Rxa6 19. Nc2 Qb5 20. Nc3 Qd3 21. Rd1 Qg6 22. b4 b5 23. bxa5 Rxa5 24. Rxa5 Nxa5 25. Qa2 b4 26. Nxb4 Nc4 27. e4 Rb8 28. Nc6 Rb2 29. Ne7+ 1-0


[Site "https://www.chess.com"]

[Event "Titled Tuesday Blitz August 1 Late 2023"]
[White "Estrada Nieto, Julian"]
[Black "Jaracz, Pawel"]
[WhiteFideId "5101018"]
[BlackFideId "1102222"]
[WhiteElo "2519"]
[BlackElo "2710"]
[Result "0-1"]
[Round "4"]
[TimeControl "180+1"]
[Date "2023.08.01"]
[WhiteClock "0:00:05"]
[BlackClock "0:01:14"]
[Board "44"]

1. e4 d6 2. d4 Nf6 3. Nc3 e5 4. Nf3 Nbd7 5. Bc4 Be7 6. O-O O-O 7. Re1 c6 8. a4 h6 9. a5 Qc7 10. b3 Rb8 11. d5 cxd5 12. Nb5 Qd8 13. exd5 a6 14. Na7 Nh7 15. Nxc8 Rxc8 16. Ba3 Ng5 17. Nxg5 hxg5 18. Qh5 g6 19. Qh6 Re8 20. Re3 Bf8 21. Qh3 f5 22. g4 f4 23. Re2 Nf6 24. Bd3 e4 25. Bb2 exd3 26. Rxe8 Nxe8 27. Qh8+ Kf7 28. Qh7+ Bg7 29. cxd3 Nf6 30. Bxf6 Qxf6 31. Re1 Rh8 0-1


[Site "https://www.chess.com"]

[Event "Titled Tuesday Blitz August 1 Late 2023"]
[White "Prado Lobo, Jonas"]
[Black "only_strong_moves"]
[WhiteFideId "32050666"]
[WhiteElo "2518"]
[BlackElo "2709"]
[Result "0-1"]
[Round "4"]
[TimeControl "180+1"]
[Date "2023.08.01"]
[WhiteClock "0:01:27"]
[BlackClock "0:01:18"]
[Board "45"]

1. e4 e5 2. Nf3 Nc6 3. Bb5 Nf6 4. d3 Bc5 5. O-O d6 6. h3 O-O 7. Re1 h6 8. c3 Bb6 9. Nbd2 Bd7 10. Nf1 Nh5 11. Bxc6 Bxc6 12. Nxe5 dxe5 13. Qxh5 Qxd3 14. Bxh6 gxh6 15. Qxh6 Bxe4 16. Rad1 Qa6 17. Qg5+ Bg6 18. Rxe5 Rae8 19. h4 Rxe5 20. Qxe5 Qa4 21. h5 Qxd1 22. hxg6 Bxf2+ 0-1


[Site "https://www.chess.com"]

[Event "Titled Tuesday Blitz August 1 Late 2023"]
[White "nickVet"]
[Black "Petesch, Gabriel"]
[BlackFideId "2032465"]
[WhiteElo "2698"]
[BlackElo "2518"]
[Result "1-0"]
[Round "4"]
[TimeControl "180+1"]
[Date "2023.08.01"]
[WhiteClock "0:00:33"]
[BlackClock "0:00:04"]
[Board "46"]

1. e4 d6 2. d4 e5 3. Nf3 Nd7 4. Bc4 exd4 5. Nxd4 Ngf6 6. Nc3 g6 7. Bf4 Bg7 8. Qd2 O-O 9. O-O-O Nc5 10. f3 a6 11. g4 b5 12. Bb3 Bb7 13. h4 b4 14. Na4 Nfd7 15. h5 Qf6 16. hxg6 hxg6 17. g5 Qxd4 18. Qh2 Qxd1+ 19. Kxd1 Rfe8 20. Qh7+ Kf8 21. Rh6 Nxb3 22. axb3 Ne5 23. Ke2 a5 24. Kf2 Bc6 25. Kg3 Bb7 26. Be3 Bc6 27. Bd4 Bb7 28. f4 c5 29. Nxc5 dxc5 30. Bxc5+ Re7 31. Bxe7+ Kxe7 32. Qxg7 Nc6 33. Qf6+ Kd7 34. Qxf7+ Kd6 35. Rxg6+ Kc5 36. Qxb7 Rd8 37. Qxc6+ Kd4 38. Qb6+ Kxe4 39. Qxd8 a4 40. Re6+ Kf5 41. Qf6# 1-0


[Site "https://www.chess.com"]

[Event "Titled Tuesday Blitz August 1 Late 2023"]
[White "Vovk, Orest"]
[Black "Klukin, Kirill"]
[WhiteFideId "14113490"]
[BlackFideId "24199273"]
[WhiteElo "2517"]
[BlackElo "2688"]
[Result "1-0"]
[Round "4"]
[TimeControl "180+1"]
[Date "2023.08.01"]
[WhiteClock "0:00:20"]
[BlackClock "0:00:02"]
[Board "47"]

1. g4 e5 2. g5 Ne7 3. h4 h5 4. gxh6 Rxh6 5. d4 Rd6 6. c3 c5 7. Nf3 Nbc6 8. Nbd2 exd4 9. Ne4 Re6 10. Nxc5 Rg6 11. h5 Rg4 12. Bh3 d6 13. Bxg4 Bxg4 14. Ne4 d5 15. Neg5 dxc3 16. bxc3 Nf5 17. Qa4 d4 18. cxd4 Bb4+ 19. Kf1 Nxd4 20. h6 Nxf3 21. h7 Nh2+ 22. Rxh2 Ke7 23. h8=Q Qxh8 24. Rxh8 Rxh8 25. a3 Bd6 1-0


[Site "https://www.chess.com"]

[Event "Titled Tuesday Blitz August 1 Late 2023"]
[White "Kuzmicz, Krystian"]
[Black "Kanakaris, Georgios"]
[WhiteFideId "1119125"]
[BlackFideId "4209460"]
[WhiteElo "2687"]
[BlackElo "2517"]
[Result "1-0"]
[Round "4"]
[TimeControl "180+1"]
[Date "2023.08.01"]
[WhiteClock "0:01:28"]
[BlackClock "0:00:12"]
[Board "48"]

1. e4 e6 2. d3 d5 3. Nd2 Nf6 4. g3 c5 5. Bg2 Nc6 6. f4 Be7 7. e5 Ng8 8. Ne2 h5 9. Nf3 Nh6 10. Be3 b5 11. h3 Nf5 12. Bf2 Qa5+ 13. c3 b4 14. O-O bxc3 15. bxc3 Ba6 16. Rb1 c4 17. d4 Bb5 18. g4 hxg4 19. hxg4 Nh4 20. Nxh4 Bxh4 21. Be3 Be7 22. f5 Ba4 23. Qc1 O-O-O 24. Qb2 Rd7 25. Nf4 Bg5 26. Nxd5 exd5 27. Bxg5 Qc7 28. Bf4 Qa5 29. e6 1-0


[Site "https://www.chess.com"]

[Event "Titled Tuesday Blitz August 1 Late 2023"]
[White "Droin, Augustin"]
[Black "Morefield, Jason"]
[WhiteFideId "45105987"]
[BlackFideId "30920825"]
[WhiteElo "2516"]
[BlackElo "2676"]
[Result "0-1"]
[Round "4"]
[TimeControl "180+1"]
[Date "2023.08.01"]
[WhiteClock "0:01:32"]
[BlackClock "0:01:04"]
[Board "49"]

1. e4 c5 2. Nf3 d6 3. d4 cxd4 4. Nxd4 Nf6 5. Bb5+ Bd7 6. c4 Nxe4 7. Qf3 Bxb5 8. Nxb5 d5 9. cxd5 Qa5+ 10. N1c3 Nxc3 11. Nxc3 Nd7 12. O-O g6 13. Re1 Bg7 14. d6 e6 15. Qxb7 Rb8 16. Qc6 Qc5 17. Qa4 Rb4 18. Be3 Rxa4 19. Bxc5 Bxc3 0-1


[Site "https://www.chess.com"]

[Event "Titled Tuesday Blitz August 1 Late 2023"]
[White "FromTexas54"]
[Black "Rosen, Eric"]
[BlackFideId "2032562"]
[WhiteElo "2512"]
[BlackElo "2676"]
[Result "0-1"]
[Round "4"]
[TimeControl "180+1"]
[Date "2023.08.01"]
[WhiteClock "0:00:03"]
[BlackClock "0:00:46"]
[Board "50"]

1. Nf3 d5 2. g3 Nf6 3. Bg2 e6 4. O-O Be7 5. c4 d4 6. d3 c5 7. b4 O-O 8. a3 Nc6 9. Nbd2 cxb4 10. Ng5 e5 11. Nde4 Nd7 12. axb4 Bxb4 13. Qa4 a5 14. Nf3 f5 15. Ned2 Nc5 16. Qc2 Qd6 17. Nb3 b6 18. Nxe5 Qxe5 19. Bxc6 Ra7 20. Bf4 Qf6 21. Bd5+ Kh8 22. Nxc5 bxc5 23. h4 Bd7 24. e3 dxe3 25. Bxe3 Qg6 26. Bf4 a4 27. Kg2 a3 28. Rh1 Qf6 29. h5 Bc6 30. Qe2 Bxd5+ 31. cxd5 Re7 32. Qf3 Rd7 33. d6 Re8 34. Qc6 Red8 35. Qd5 h6 36. Rab1 Kh7 37. d4 Rxd6 38. Bxd6 Rxd6 39. Qf3 Rxd4 40. Rbd1 a2 41. Ra1 Rd2 42. Qb3 Qc6+ 43. Kh3 Qe4 44. Rxa2 Qxh1# 0-1


[Site "https://www.chess.com"]

[Event "Titled Tuesday Blitz August 1 Late 2023"]
[White "Papp, Levente"]
[Black "Mordechai, Hanan"]
[WhiteFideId "751243"]
[BlackFideId "2804166"]
[WhiteElo "2675"]
[BlackElo "2511"]
[Result "1-0"]
[Round "4"]
[TimeControl "180+1"]
[Date "2023.08.01"]
[WhiteClock "0:00:20"]
[BlackClock "0:00:06"]
[Board "51"]

1. c3 e5 2. d4 exd4 3. cxd4 Nf6 4. Nc3 d5 5. Bg5 Be7 6. e3 c6 7. Bd3 h6 8. Bh4 O-O 9. Nge2 a5 10. O-O b5 11. a4 b4 12. Nb1 Ba6 13. f3 Re8 14. Bf2 Bxd3 15. Qxd3 c5 16. dxc5 Bxc5 17. Nd2 Qb6 18. Nd4 Nbd7 19. N2b3 Ne5 20. Qb5 Qxb5 21. Nxb5 Bb6 22. e4 Bxf2+ 23. Rxf2 dxe4 24. Nc7 Nd3 25. Rd2 Ne5 26. Nxa8 Rxa8 27. fxe4 Nxe4 28. Rd5 Ng4 29. Nxa5 Rc8 30. Re1 Ngf6 31. Rd4 Ng5 32. Nb3 Rc2 33. Rd2 Rc4 34. a5 Nfe4 35. Rd4 Rc2 36. Rdxe4 Nxe4 37. Rxe4 Rxb2 38. Rxb4 1-0


[Site "https://www.chess.com"]

[Event "Titled Tuesday Blitz August 1 Late 2023"]
[White "Korchmar, Vasiliy"]
[Black "Mindhunter08"]
[WhiteFideId "24131750"]
[WhiteElo "2666"]
[BlackElo "2510"]
[Result "1-0"]
[Round "4"]
[TimeControl "180+1"]
[Date "2023.08.01"]
[WhiteClock "0:00:08"]
[BlackClock "0:00:01"]
[Board "52"]

1. e4 e5 2. Nf3 Nc6 3. Bc4 Nf6 4. d3 Bc5 5. c3 O-O 6. Bg5 h6 7. Bh4 Be7 8. Nbd2 d6 9. a4 Na5 10. Ba2 c5 11. O-O Qc7 12. Re1 Nc6 13. Nf1 Be6 14. Ne3 Rad8 15. Bxf6 Bxf6 16. Nd5 Bxd5 17. Bxd5 Ne7 18. Bc4 Ng6 19. Nd2 Bg5 20. Nf1 Kh7 21. Ng3 Nf4 22. Nf5 g6 23. Ne3 Qd7 24. g3 Nh3+ 25. Kg2 Bxe3 26. Rxe3 Ng5 27. h4 Qh3+ 28. Kg1 Ne6 29. Bd5 b6 30. a5 Nc7 31. axb6 axb6 32. Bb3 Qd7 33. h5 Ra8 34. hxg6+ fxg6 35. Rxa8 Nxa8 36. Kg2 Nc7 37. Re1 Kg7 38. Qd2 Qe7 39. Rh1 g5 40. Ra1 Qf6 41. Ra7 Rc8 42. Rb7 b5 43. Bd1 Kh8 44. Bg4 Ne6 45. Rxb5 Rf8 46. Rb6 Ng7 47. Qe3 h5 48. Bd1 h4 49. gxh4 gxh4 50. Kf1 Qg6 51. Rb7 Ne6 52. Qh3 Rf4 53. Re7 Ng5 54. Qc8+ Qg8 55. Re8 Qxe8 56. Qxe8+ Kg7 57. Qe7+ Kg6 58. Qxd6+ Rf6 59. Qxe5 h3 60. Qg3 Kh6 61. f4 c4 62. Qxg5+ Kh7 63. Qxf6 h2 64. Qh4+ Kg7 65. Qxh2 cxd3 66. Qg3+ Kf6 67. Qxd3 1-0


[Site "https://www.chess.com"]

[Event "Titled Tuesday Blitz August 1 Late 2023"]
[White "Ardelean, George-Catalin"]
[Black "Kovalevsky, Stanislav"]
[WhiteFideId "1207091"]
[BlackFideId "13508598"]
[WhiteElo "2665"]
[BlackElo "2510"]
[Result "1-0"]
[Round "4"]
[TimeControl "180+1"]
[Date "2023.08.01"]
[WhiteClock "0:02:11"]
[BlackClock "0:01:35"]
[Board "53"]

1. d4 d5 2. Bf4 Nf6 3. e3 a6 4. c4 c6 5. Nc3 Nbd7 6. Nf3 b5 7. cxd5 Nxd5 8. Nxd5 cxd5 9. Bd3 Qa5+ 10. Ke2 e6 11. Qc2 h6 12. Qc6 e5 13. Qxa8 1-0


[Site "https://www.chess.com"]

[Event "Titled Tuesday Blitz August 1 Late 2023"]
[White "Papayan, Oleg"]
[Black "Annaberdiyev, Meylis"]
[WhiteFideId "4193911"]
[BlackFideId "14000563"]
[WhiteElo "2508"]
[BlackElo "2665"]
[Result "0-1"]
[Round "4"]
[TimeControl "180+1"]
[Date "2023.08.01"]
[WhiteClock "0:00:00"]
[BlackClock "0:00:32"]
[Board "54"]

1. e4 c5 2. d4 cxd4 3. Qxd4 Nc6 4. Qd3 Nf6 5. Nc3 e6 6. Bf4 Bb4 7. Ne2 d5 8. O-O-O O-O 9. exd5 exd5 10. Nxd5 Nxd5 11. Qxd5 Be6 12. Qxd8 Rfxd8 13. a3 Bc5 14. f3 Rxd1+ 15. Kxd1 Rd8+ 16. Kc1 f6 17. Nc3 Ne5 18. Bxe5 fxe5 19. Bd3 Bd4 20. Ne4 h6 21. Re1 Kf7 22. c3 Bb6 23. Kc2 Bd7 24. Nd6+ Kf6 25. Nc4 Ba4+ 26. b3 Bxb3+ 27. Kxb3 Rxd3 28. Nxe5 Rxc3+ 29. Kxc3 Ba5+ 30. Kd4 Bxe1 31. Ng4+ Ke6 32. Ke4 Bc3 33. Ne3 Bb2 34. a4 Bc1 35. Nc4 a6 36. g4 b5 37. axb5 axb5 38. Na5 Kd6 39. Nb3 Bb2 40. h4 Bf6 41. h5 Bg5 42. f4 Bf6 43. Kf5 Kd5 44. g5 Bc3 45. Kg6 Kc4 46. Nc1 Bb2 47. Ne2 b4 48. gxh6 gxh6 49. Kxh6 b3 50. f5 Be5 51. Kg6 b2 0-1


[Site "https://www.chess.com"]

[Event "Titled Tuesday Blitz August 1 Late 2023"]
[White "Rastbod, Ali"]
[Black "Mortazavi, Ali"]
[WhiteFideId "12567477"]
[BlackFideId "401323"]
[WhiteElo "2659"]
[BlackElo "2503"]
[Result "1-0"]
[Round "4"]
[TimeControl "180+1"]
[Date "2023.08.01"]
[WhiteClock "0:00:07"]
[BlackClock "0:00:03"]
[Board "55"]

1. Nf3 Nf6 2. g3 g6 3. Bg2 Bg7 4. O-O O-O 5. d4 d6 6. c4 Nbd7 7. Nc3 e5 8. b3 Re8 9. Bb2 e4 10. Ng5 e3 11. fxe3 h6 12. Nge4 Ng4 13. Qd2 f5 14. h3 Ngf6 15. Nxf6+ Nxf6 16. Qd3 c6 17. e4 Qe7 18. exf5 Bxf5 19. Qd2 Ne4 20. Nxe4 Bxe4 21. Rae1 Bxg2 22. Kxg2 Qe4+ 23. Kh2 d5 24. Rf4 Qe6 25. e4 dxc4 26. bxc4 Qxc4 27. e5 Rad8 28. Qf2 Qxa2 29. Re2 Qe6 30. Ba3 g5 31. Rf3 Rd7 32. h4 gxh4 33. gxh4 Qg4 34. Rf4 Qe6 35. Qg3 Kh8 36. Rg2 a5 37. Rg4 Rg8 38. Bf8 Rxf8 39. Rxg7 Rff7 40. Rg8+ Kh7 41. Rh8+ Kxh8 42. Qg8# 1-0


[Site "https://www.chess.com"]

[Event "Titled Tuesday Blitz August 1 Late 2023"]
[White "Haydon, David L"]
[Black "Bettalli, Francesco"]
[WhiteFideId "415405"]
[BlackFideId "2816453"]
[WhiteElo "2657"]
[BlackElo "2502"]
[Result "0-1"]
[Round "4"]
[TimeControl "180+1"]
[Date "2023.08.01"]
[WhiteClock "0:00:23"]
[BlackClock "0:01:25"]
[Board "56"]

1. d4 Nf6 2. Nc3 e6 3. Bf4 d5 4. e3 Bd6 5. Nf3 O-O 6. Bd3 a6 7. O-O c5 8. dxc5 Bxc5 9. e4 dxe4 10. Nxe4 Nxe4 11. Bxe4 f5 12. Bd3 Nc6 13. Qe2 Qf6 14. c3 a5 15. a4 Re8 16. Rae1 h6 17. h4 Ne7 18. h5 Nd5 19. Be5 Qf7 20. Nd4 Bd7 21. Nb5 Bc6 22. Bc4 Rad8 23. Rd1 f4 24. Qg4 Nf6 25. Bxf6 Qxf6 26. Bxe6+ Kh8 27. Rxd8 Rxd8 28. Bf5 f3 29. gxf3 Rd5 30. Be4 Rg5 31. Bxc6 bxc6 32. Nd4 Rxg4+ 33. fxg4 Bxd4 34. cxd4 Qxd4 35. Re1 Qxg4+ 36. Kf1 Qh3+ 37. Kg1 Qxh5 38. Re3 Qg4+ 39. Rg3 Qxa4 40. Rd3 Qg4+ 41. Rg3 Qxg3+ 42. fxg3 Kh7 43. b4 axb4 44. Kf2 b3 0-1


[Site "https://www.chess.com"]

[Event "Titled Tuesday Blitz August 1 Late 2023"]
[White "Bjelobrk, Igor"]
[Black "Kanyamarala, Tarun"]
[WhiteFideId "4300726"]
[BlackFideId "45004714"]
[WhiteElo "2652"]
[BlackElo "2501"]
[Result "1-0"]
[Round "4"]
[TimeControl "180+1"]
[Date "2023.08.01"]
[WhiteClock "0:00:24"]
[BlackClock "0:00:34"]
[Board "57"]

1. d4 f5 2. g3 Nf6 3. Bg2 g6 4. Nf3 Bg7 5. O-O O-O 6. Nbd2 d6 7. Re1 Nc6 8. e4 fxe4 9. Nxe4 Nxe4 10. Rxe4 Bf5 11. Rh4 e5 12. c3 exd4 13. Ng5 h6 14. Qb3+ Kh8 15. Qxb7 Bd7 16. Bxc6 Rb8 17. Qxb8 Qxb8 18. Bxd7 dxc3 19. bxc3 Qd8 20. Bh3 Qf6 21. Be3 Qxc3 22. Rc1 Qa5 23. Ne6 Rb8 24. Nxg7 Kxg7 25. Bxh6+ Kf7 26. Rf4+ Kg8 27. Be6+ Kh7 28. Rh4 g5 29. Bxg5+ Kg6 30. Be3 Re8 31. Bb3 Rxe3 32. fxe3 Qd2 33. Rf1 Qxe3+ 34. Kg2 Qe1 35. Rxe1 1-0


[Site "https://www.chess.com"]

[Event "Titled Tuesday Blitz August 1 Late 2023"]
[White "Jimenez Jimenez, Leandro"]
[Black "Przybylski, Wojciech"]
[WhiteFideId "6415253"]
[BlackFideId "1117599"]
[WhiteElo "2499"]
[BlackElo "2650"]
[Result "1-0"]
[Round "4"]
[TimeControl "180+1"]
[Date "2023.08.01"]
[WhiteClock "0:00:06"]
[BlackClock "0:00:00"]
[Board "58"]

1. e4 c5 2. b3 e5 3. Bb2 Nc6 4. Bc4 Nf6 5. d3 d6 6. Ne2 g6 7. O-O Bg7 8. Nbc3 O-O 9. Nd5 Nd4 10. Ng3 Nd7 11. a4 Ne6 12. Ne2 Nb6 13. Nxb6 Qxb6 14. f4 exf4 15. Bxg7 Kxg7 16. Nxf4 Nxf4 17. Rxf4 Bd7 18. Qd2 Qd8 19. Raf1 f6 20. Qc3 Qe7 21. h4 Qe5 22. Qe1 h5 23. Qf2 Bg4 24. Bd5 Rab8 25. Qd2 b6 26. c3 Rbc8 27. Bc4 Rc7 28. d4 cxd4 29. cxd4 Qe7 30. Qe3 Rcc8 31. e5 dxe5 32. dxe5 f5 33. Rd4 Rcd8 34. e6 Qc5 35. Rd7+ Rxd7 36. Qxc5 bxc5 37. exd7 Rd8 38. Bb5 Kf6 39. Rc1 f4 40. Rxc5 Bxd7 41. Rd5 Rc8 42. Rxd7 Kf5 43. Bc4 Kg4 44. Rg7 1-0


[Site "https://www.chess.com"]

[Event "Titled Tuesday Blitz August 1 Late 2023"]
[White "Jakubowski, Krzysztof"]
[Black "Ocido, Michael"]
[WhiteFideId "1112848"]
[BlackFideId "115201920"]
[WhiteElo "2646"]
[BlackElo "2489"]
[Result "1-0"]
[Round "4"]
[TimeControl "180+1"]
[Date "2023.08.01"]
[WhiteClock "0:00:11"]
[BlackClock "0:00:12"]
[Board "59"]

1. e4 e6 2. d3 d5 3. Nd2 c5 4. Ngf3 Nc6 5. g3 Nf6 6. Bg2 Be7 7. O-O O-O 8. Re1 dxe4 9. dxe4 b6 10. e5 Nd5 11. c3 Ba6 12. Ne4 Qc7 13. Qc2 Nxe5 14. Nxe5 Qxe5 15. c4 Nb4 16. Qb3 Rad8 17. Bf4 Qd4 18. Bf1 Nd3 19. Bxd3 Qxd3 20. Qxd3 Rxd3 21. b3 Rfd8 22. Rac1 Bb7 23. Nc3 g5 24. Be3 f5 25. f4 g4 26. Kf2 h5 27. Red1 h4 28. Rxd3 Rxd3 29. Ke2 Rd7 30. Rc2 Kf7 31. Rd2 Bf3+ 32. Kf2 hxg3+ 33. hxg3 Rxd2+ 34. Bxd2 Bf6 35. Nb5 a6 36. Nd6+ Ke7 37. Nc8+ Kd7 38. Nxb6+ Kc6 39. Na4 Bd4+ 40. Kf1 e5 41. fxe5 Bxe5 42. Kf2 Bd4+ 43. Be3 Be4 44. Bxd4 cxd4 45. b4 Bb1 46. a3 Bd3 47. Nb2 Be4 48. a4 a5 49. bxa5 Kc5 50. Ke2 Bb7 51. Kd2 Kb4 52. Kd3 f4 53. gxf4 g3 54. Ke2 g2 55. Kf2 Kc3 56. Nd1+ Kxc4 57. f5 Kd5 58. Kxg2 Ke5+ 59. Kf2 Kxf5 60. Ke2 Ke4 61. Nf2+ Kd5 62. Kd2 Kc4 63. Nd3 Kb3 64. Nc5+ Kb4 65. Nxb7 Kxa4 66. a6 Kb5 67. a7 1-0


[Site "https://www.chess.com"]

[Event "Titled Tuesday Blitz August 1 Late 2023"]
[White "Manukian, Artak"]
[Black "Fishbein, Alexander"]
[WhiteFideId "13301373"]
[BlackFideId "2000377"]
[WhiteElo "2482"]
[BlackElo "2643"]
[Result "1/2-1/2"]
[Round "4"]
[TimeControl "180+1"]
[Date "2023.08.01"]
[WhiteClock "0:00:11"]
[BlackClock "0:00:19"]
[Board "60"]

1. e4 c5 2. Nf3 d6 3. Bb5+ Bd7 4. Bxd7+ Nxd7 5. c4 Ngf6 6. Nc3 e6 7. d4 cxd4 8. Nxd4 a6 9. O-O Be7 10. b3 O-O 11. Bb2 Qa5 12. Qe2 Qh5 13. Qxh5 Nxh5 14. a4 Nc5 15. Rab1 Bf6 16. Nde2 Bxc3 17. Nxc3 Nxb3 18. Bc1 Nxc1 19. Rfxc1 Rac8 20. Ne2 Nf6 21. f3 Rc7 22. Rb6 d5 23. cxd5 Rxc1+ 24. Nxc1 exd5 25. exd5 Nxd5 26. Rxb7 h5 27. Ra7 Re8 28. Kf2 Rc8 29. Nd3 Rc2+ 30. Kg3 g5 31. h4 gxh4+ 32. Kh3 Rd2 33. Ne5 Nf4+ 34. Kxh4 Rxg2 35. Rxa6 Kg7 36. a5 f6 37. Ra7+ Kh6 38. Nf7+ Kg6 39. Nh8+ Kf5 40. a6 Rh2+ 41. Kg3 Rg2+ 42. Kh4 Rg8 43. Rh7 Ng2+ 44. Kh3 Nf4+ 45. Kh4 Rg1 46. a7 Ra1 47. Nf7 Ra3 48. Kg3 Ne2+ 49. Kf2 Nd4 50. Nd6+ Ke6 51. Nc8 Rxf3+ 52. Kg2 Ra3 53. Rxh5 Nc6 54. Rh8 Nxa7 55. Nxa7 Rxa7 56. Kf3 Ra4 57. Rh5 f5 58. Rh8 Ke5 59. Re8+ Kf6 60. Rf8+ Kg6 61. Rg8+ Kf7 62. Rg5 Kf6 63. Rg8 Ra3+ 64. Kf4 Ra4+ 65. Kf3 Ra1 66. Rf8+ Ke5 67. Re8+ Kf6 68. Rf8+ Ke5 69. Re8+ Kf6 70. Rf8+ 1/2-1/2


[Site "https://www.chess.com"]